 Dungeon Crawl Stone Soup version 0.29-a0-506-ga2e7fffb44 (webtiles) character file.

Game seed: 9716736826726713025

219 kyalle the Shield-Bearer (level 5, -5/47 HPs)
             Began as a Gnoll Fighter on May 29, 2022.
             Slain by a gnoll
             ... wielding a +0 halberd
             ... led by a gnoll shaman
              (14 damage)
             ... on level 4 of the Dungeon.
             The game lasted 00:08:34 (2488 turns).

kyalle the Shield-Bearer (Gnoll Fighter)            Turns: 2488, Time: 00:08:34

Health: -5/47      AC:  7    Str: 17    XL:     5   Next: 96%
Magic:  7/7        EV: 12    Int:  7    God:
Gold:   211        SH:  0    Dex: 22    Spells: 7/7 levels left

rFire   x . .      SeeInvis .   a - +0 long sword
rCold   . . .      Faith    .   c - +0 buckler
rNeg    . . .      Spirit   .   k - +5 robe of Loss {rElec rF- Dex+10 Archmagi}
rPois   .          Reflect  .   (no helmet)
rElec   +          Harm     .   (no cloak)
rCorr   .          Rampage  .   (no gloves)
Will    .....      Archmagi +   (no boots)
Stlth   +.........              e - amulet of the acrobat
HPRegen 0.15/turn               (no ring)
MPRegen 0.10/turn               (no ring)

@: confused, mighty, ambrosia-drunk
A: fangs 1, strong nose, distributed training
a: no special abilities


You were on level 4 of the Dungeon.
You visited 1 branch of the dungeon, and saw 4 of its levels.

You collected 211 gold pieces.

Inventory:

Hand Weapons
 a - a +0 long sword (weapon)
Armour
 b - a +0 scale mail
 c - a +0 buckler (worn)
 k - the +5 robe of Loss (worn) {rElec rF- Dex+10 Archmagi}
   (You found it on level 3 of the Dungeon)

   Dex:       It affects your dexterity (+10).
   rF:        It makes you vulnerable to fire.
   rElec:     It insulates you from electricity.
   Archmagi:  It increases the power of your magical spells.
Jewellery
 e - an amulet of the acrobat (around neck)
Potions
 d - a potion of might
 f - a potion of invisibility {unknown}
 g - a potion of heal wounds {unknown}
 h - a potion of curing {unknown}
 n - a potion of degeneration {unknown}


   Skills:
 + Level 6.7 Fighting
 + Level 1.7 Short Blades
 + Level 4.9 Long Blades
 + Level 1.7 Axes
 + Level 1.7 Maces & Flails
 + Level 1.7 Polearms
 + Level 1.7 Staves
 + Level 1.7 Slings
 + Level 1.7 Bows
 + Level 1.7 Crossbows
 + Level 1.7 Throwing
 + Level 6.7 Armour
 + Level 1.7 Dodging
 + Level 1.7 Stealth
 + Level 6.7 Shields
 + Level 1.7 Unarmed Combat
 + Level 1.7 Spellcasting
 + Level 1.3 Conjurations
 + Level 1.3 Hexes
 + Level 1.3 Summonings
 + Level 1.3 Necromancy
 + Level 1.3 Translocations
 + Level 1.3 Transmutations
 + Level 1.3 Fire Magic
 + Level 1.3 Ice Magic
 + Level 1.3 Air Magic
 + Level 1.3 Earth Magic
 + Level 1.3 Poison Magic
 + Level 1.9 Invocations
 + Level 1.7 Evocations


You had 7 spell levels left.
You didn't know any spells.
Your spell library contained the following spells:

 Spells                   Type           Power      Damage    Failure   Level
 Apportation              Tloc           6%         N/A       28%         1
 Blink                    Tloc           6%         N/A       41%         2
 Sublimation of Blood     Necr           3%         N/A       41%         2
 Wereblood                Tmut           3%         N/A       41%         2
 Gell's Gravitas          Tloc           3%         N/A       65%         3
 Inner Flame              Hex/Fire       3%         N/A       65%         3
 Mephitic Cloud           Conj/Pois/Air  3%         N/A       65%         3
 Teleport Other           Tloc           3%         N/A       65%         3
 Cause Fear               Hex            1%         N/A       96%         4
 Dispersal                Tloc           1%         N/A       100%        6
 Summon Hydra             Summ           1%         N/A       100%        7
 Discord                  Hex            1%         N/A       100%        8
 Maxwell's Capacitive Co  Air            1%         ∞         100%        8


Dungeon Overview and Level Annotations

Branches:
Dungeon (4/15)
 Temple: D:4-7

Altars:


Innate Abilities, Weirdness & Mutations

You have very sharp teeth.
Your uncanny sense of smell can sniff out nearby items.
Your experience applies equally to all skills.


Message History

You are outlined in light.
The gnoll shaman calls upon its god to speed up something.
You hit the gnoll shaman but do no damage.
The gnoll barely misses you.
The gnoll shaman hits you with a +0 club.
The gnoll closely misses you.
The gnoll shaman hits you with a +0 club!
You hit the gnoll shaman but do no damage.
You bite the gnoll shaman, but do no damage.
The gnoll barely misses you.
The gnoll shaman hits you with a +0 club.
The gnoll closely misses you.
You feel very mighty all of a sudden. You block the gnoll's attack.
The gnoll shaman hits you with a +0 club!
You barely miss the gnoll shaman.
You bite the gnoll shaman, but do no damage.
The gnoll closely misses you.
The gnoll shaman hits you with a +0 club.
You block the gnoll's attack.
You slice the gnoll shaman!!
You kill the gnoll shaman!
The gnoll hits you from afar with a +0 halberd.
* * * LOW HITPOINT WARNING * * *
The gnoll misses you. You block the gnoll's attack.
Things that are here:
a +0 club; a +0 leather armour You are confused.
You feel invigorated.
You are no longer glowing.
The gnoll misses you. The gnoll hits you with a +0 halberd.
* * * LOW HITPOINT WARNING * * *
You barely miss the gnoll. The gnoll hits you with a +0 halberd!
* * * LOW HITPOINT WARNING * * *
The gnoll closely misses you.
You bump into the rock wall.
The gnoll hits you with a +0 halberd!
* * * LOW HITPOINT WARNING * * *
You bump into the rock wall.
The gnoll hits you with a +0 halberd!
You die...

*,*,*,*,♣.♣.♣g♣.g.....#.# *,*
#***********#*#####.#...# *,*
###.# #.g.### *,* ....# ##.##
*,* ##### #g## *,*
#############* #..######**,*
.............* #.#......,,,*
#####..#####.#######.>######****
##..### #....@gggg.# #.....#
##########.# ####.###.# #.#
.....# #.# #.#
####.###.############.#
#..........†.......#
####################


You could see 4 gnolls.

Vanquished Creatures
  A scorpion (D:4)
  A hound (D:4)
  A gnoll shaman (D:4)
  4 adders (D:2)
  A worm (D:3)
  2 dart slugs
  4 orcs (D:3)
  6 ball pythons
  4 endoplasms
  2 giant cockroaches
  8 goblins
  3 hobgoblins (D:2)
  6 kobolds
  2 quokkas (D:2)
  5 bats
  3 frilled lizards (D:1)
  5 rats
58 creatures vanquished.

Notes
Turn   | Place    | Note
-------+----------+-------------------------------------------
     0 | D:1      | kyalle the Gnoll Fighter began the quest for the Orb.
     0 | D:1      | Reached XP level 1. HP: 23/23 MP: 1/1
    39 | D:1      | Found a faded altar of an unknown god.
   172 | D:1      | Reached XP level 2. HP: 29/29 MP: 2/2
   180 | D:1      | Got the Catalogue of Spatial Lightness
   614 | D:1      | Reached XP level 3. HP: 29/35 MP: 3/3
  1092 | D:2      | Reached skill level 1 in Invocations
  1100 | D:2      | Reached skill level 1 in Short Blades
  1100 | D:2      | Reached skill level 1 in Axes
  1100 | D:2      | Reached skill level 1 in Maces & Flails
  1100 | D:2      | Reached skill level 1 in Polearms
  1100 | D:2      | Reached skill level 1 in Staves
  1100 | D:2      | Reached skill level 1 in Slings
  1100 | D:2      | Reached skill level 1 in Bows
  1100 | D:2      | Reached skill level 1 in Crossbows
  1100 | D:2      | Reached skill level 1 in Throwing
  1100 | D:2      | Reached skill level 1 in Dodging
  1100 | D:2      | Reached skill level 1 in Stealth
  1100 | D:2      | Reached skill level 1 in Unarmed Combat
  1100 | D:2      | Reached skill level 1 in Spellcasting
  1100 | D:2      | Reached skill level 1 in Evocations
  1121 | D:2      | Reached XP level 4. HP: 41/41 MP: 5/5
  1683 | D:3      | Identified the +5 robe of Loss {rElec rF- Dex+10 Archmagi}
  1725 | D:3      | Reached skill level 1 in Conjurations
  1725 | D:3      | Reached skill level 1 in Hexes
  1725 | D:3      | Reached skill level 1 in Summonings
  1725 | D:3      | Reached skill level 1 in Necromancy
  1725 | D:3      | Reached skill level 1 in Translocations
  1725 | D:3      | Reached skill level 1 in Transmutations
  1725 | D:3      | Reached skill level 1 in Fire Magic
  1725 | D:3      | Reached skill level 1 in Ice Magic
  1725 | D:3      | Reached skill level 1 in Air Magic
  1725 | D:3      | Reached skill level 1 in Earth Magic
  1725 | D:3      | Reached skill level 1 in Poison Magic
  2311 | D:4      | Noticed a scorpion
  2317 | D:4      | Killed a scorpion
  2318 | D:4      | Reached XP level 5. HP: 47/47 MP: 5/7
  2488 | D:4      | Slain by a gnoll

Illustrated notes

Levels and vault maps discovered:
D:1:      minmay_arrival_cross, layout_loops_cross,
          dreamdust_ecumenical_altar_statues, serial_park_tiny_pond,
          minmay_misc_feat_tiny, minmay_tall_x
D:2:      layout_basic
D:3:      layout_loops_ring, kennysheep_minor_cross
D:4:      layout_loops_ring, serial_park_tiny_1, chequers_avenue

Skill      XL: |  1  2  3  4 |
---------------+-------------+-----
Invocations    | 1 |  1.9
Short Blades   | 1 |  1.7
Axes           | 1 |  1.7
Maces & Flails | 1 |  1.7
Polearms       | 1 |  1.7
Staves         | 1 |  1.7
Slings         | 1 |  1.7
Bows           | 1 |  1.7
Crossbows      | 1 |  1.7
Throwing       | 1 |  1.7
Dodging        | 1 |  1.7
Stealth        | 1 |  1.7
Unarmed Combat | 1 |  1.7
Spellcasting   | 1 |  1.7
Evocations     | 1 |  1.7
Conjurations   | 1 |  1.3
Hexes          | 1 |  1.3
Summonings     | 1 |  1.3
Necromancy     | 1 |  1.3
Translocations | 1 |  1.3
Transmutations | 1 |  1.3
Fire Magic     | 1 |  1.3
Ice Magic      | 1 |  1.3
Air Magic      | 1 |  1.3
Earth Magic    | 1 |  1.3
Poison Magic   | 1 |  1.3
Fighting       | |  6.7
Long Blades    | |  4.9
Armour         | |  6.7
Shields        | |  6.7

Action                   |  1- 3 |  4- 6 || total
-------------------------+-------+-------++-------
Melee: Long sword        |    84 |    79 ||   163
       Bite              |     4 |     7 ||    11
  Use: Scroll            |     2 |     3 ||     5
       Potion            |       |     2 ||     2
Armor: Scale mail        |    28 |     9 ||    37
       Robe              |       |    11 ||    11
Dodge: Dodged            |    39 |    53 ||    92
Block: Buckler           |    24 |    21 ||    45

Table legend: (Time is in decaauts)
 A = Elapsed time spent in this place.
 B = Non-inter-level travel time spent in this place.
 C = Inter-level travel time spent in this place.
 D = Time resting spent in this place.
 E = Time spent auto-exploring this place.
 F = Levels seen in this place.
 G = Mean time per level.
                   A        B        C        D        E       F      G
               +--------+--------+--------+--------+--------+-----+--------+
         Total |   2521 |   2414 |    107 |      0 |   1707 |   4 |  630.2 |
       Dungeon |   2521 |   2414 |    107 |      0 |   1707 |   4 |  630.2 |
               +--------+--------+--------+--------+--------+-----+--------+

Top non-repeatable levels by time:
     D:1: 923 daAuts
     D:3: 698 daAuts
     D:2: 696 daAuts
     D:4: 203 daAuts
